 Dungeon Crawl Stone Soup version 0.28.0-45-g0d030f2227 (webtiles) character file.

Game seed: 3711428365770146500

133 Peloso the Covered (level 4, -2/40 HPs)
             Began as a Minotaur Fighter on Apr 3, 2022.
             Slain by a gnoll
             ... wielding a +0 halberd
              (10 damage)
             ... on level 3 of the Dungeon.
             The game lasted 00:02:58 (2202 turns).

Peloso the Covered (Minotaur Fighter)               Turns: 2202, Time: 00:02:59

Health: -2/40      AC: 12    Str: 20    XL:     4   Next: 93%
Magic:  3/3        EV:  7    Int:  5    God:
Gold:   147        SH:  5    Dex: 12    Spells: 3/3 levels left

rFire   . . .      SeeInvis .   a - +0 long sword
rCold   . . .      Faith    .   c - +0 buckler
rNeg    . . .      Spirit   .   o - +0 chain mail
rPois   .          Reflect  .   (helmet restricted)
rElec   .          Harm     .   l - +0 cloak
rCorr   .          Rampage  .   i - +0 pair of gloves
Will    .....                   (no boots)
Stlth   ..........              (no amulet)
HPRegen 0.13/turn               (no ring)
MPRegen 0.08/turn               (no ring)

@: no status effects
A: horns 2, retaliatory headbutt
a: no special abilities


You were on level 3 of the Dungeon.
You visited 1 branch of the dungeon, and saw 3 of its levels.

You collected 147 gold pieces.

Inventory:

Hand Weapons
 a - a +0 long sword (weapon)
Missiles
 g - a throwing net (quivered)
Armour
 b - a +0 scale mail
 c - a +0 buckler (worn)
 i - a +0 pair of gloves (worn)
 l - a +0 cloak (worn)
 o - a +0 chain mail (worn)
Jewellery
 k - a ring of see invisible
Scrolls
 j - a scroll of magic mapping {unknown}
 n - 3 scrolls of identify {unknown}
 p - a scroll of enchant armour {unknown}
Potions
 d - 2 potions of might
 e - 3 potions of curing
 f - a potion of heal wounds
 h - a potion of brilliance {unknown}
 m - 2 potions of attraction {unknown}


   Skills:
 + Level 4.2 Fighting
 + Level 4.1 Long Blades
 + Level 4.8 Armour
 + Level 0.9 Dodging
 + Level 4.2 Shields


You had 3 spell levels left.
You didn't know any spells.
Your spell library contained the following spells:

 Spells                   Type           Power      Damage    Failure   Level
 Foxfire                  Conj/Fire      0%         2x1d4     100%        1
 Ensorcelled Hibernation  Hex/Ice        0%         N/A       100%        2
 Conjure Flame            Conj/Fire      0%         6-21      100%        3
 Inner Flame              Hex/Fire       0%         N/A       100%        3
 Spider Form              Tmut/Pois      0%         N/A       100%        3
 Anguish                  Hex/Necr       0%         N/A       100%        4
 Flame Wave               Conj/Fire      0%         2d4       100%        4


Dungeon Overview and Level Annotations

Branches:
Dungeon (3/15)

Altars:
Wu Jian


Innate Abilities, Weirdness & Mutations

You have a pair of horns on your head.
You reflexively headbutt those who attack you in melee.


Message History

A giant cockroach comes into view.
You hit the gnoll but do no damage.
The gnoll is severely wounded.
You block the gnoll's attack.
The gnoll hits you from afar with a +0 halberd!
You hit the gnoll.
The gnoll is almost dead.
The gnoll barely misses you. The gnoll hits you but does no damage.
You hit the gnoll.
You kill the gnoll!
The gnoll hits you but does no damage.
The gnoll hits you from afar with a +0 halberd!
A gnoll comes into view. It is wielding a +0 whip.
The giant cockroach bites you but does no damage.
The gnoll barely misses you.
Things that are here:
a +0 whip; a gnoll corpse The gnoll hits you from afar with a +0 halberd.
The giant cockroach bites you but does no damage.
A gnoll comes into view. It is wielding a +0 flail.
The giant cockroach bites you but does no damage.
The gnoll shouts!
The giant cockroach bites you but does no damage.
The gnoll hits you but does no damage. You block the gnoll's attack.
The giant cockroach barely misses you.
A bullfrog zombie comes into view.
The giant cockroach completely misses you.
The bullfrog zombie moves out of view.
The giant cockroach bites you but does no damage.
The gnoll hits you from afar with a +0 halberd!
* * * LOW HITPOINT WARNING * * *
The giant cockroach bites you.
* * * LOW HITPOINT WARNING * * *
The giant cockroach bites you but does no damage.
There is a stone staircase leading up here.
The giant cockroach bites you.
* * * LOW HITPOINT WARNING * * *
The gnoll hits you from afar with a +0 halberd!
You die...

###.g..........
........#####............
#....##.##......#.#.#.... #..
.#.##......(.......##g#.#....
#.##.#.# #..............#.#.#....
#.##.#.###.............##...#....
#.##...................##...#....
#.##...#.....................#..)
#.#..#..........@Bggg.........#..
#....#..#.........Z...........###
..............................#
#.##<###.........#...........##
###..# ##..........†..........#
###.## #......##............>#
##..# #....#.##.............#
....### #...##................#
##....###..###................#


You could see 3 gnolls, a bullfrog zombie and a giant cockroach.

Vanquished Creatures
  A hound (D:3)
  A gnoll (D:3)
  4 adders
  3 orcs (D:3)
  6 ball pythons
  6 endoplasms
  2 goblins
  4 hobgoblins
  6 kobolds
  2 quokkas (D:1)
  5 bats (D:1)
  6 frilled lizards
  10 rats
56 creatures vanquished.

Notes
Turn   | Place    | Note
-------+----------+-------------------------------------------
     0 | D:1      | Peloso the Minotaur Fighter began the quest for the Orb.
     0 | D:1      | Reached XP level 1. HP: 19/19 MP: 0/0
   232 | D:1      | Reached XP level 2. HP: 27/27 MP: 1/1
   942 | D:2      | Reached XP level 3. HP: 26/33 MP: 2/2
  1440 | D:2      | Found a faded altar of an unknown god.
  1522 | D:2      | Found an ornate altar of the Wu Jian Council.
  1676 | D:2      | Reached XP level 4. HP: 40/40 MP: 3/3
  2202 | D:3      | Slain by a gnoll

Illustrated notes

Levels and vault maps discovered:
D:1:      dpeg_arrival_yet_another_circle, layout_loops_ring,
          minmay_misc_feat_square
D:2:      layout_loops_corners, shapermc_ecumenical_altar_notcrosses,
          basic_altar
D:3:      layout_rooms, serial_park_tiny_1

Skill      XL: |  1  2  3  4 |
---------------+-------------+-----
Fighting       | 4 |  4.2
Shields        | 4 |  4.2
Armour         | 4 |  4.8
Long Blades    | 3 4 |  4.1
Dodging        | |  0.9

Action                   |  1- 3 |  4- 6 || total
-------------------------+-------+-------++-------
Melee: Long sword        |    77 |    29 ||   106
       Headbutt          |     9 |     4 ||    13
  Use: Potion            |     2 |       ||     2
Armor: Scale mail        |    49 |    16 ||    65
       Chain mail        |       |    10 ||    10
Dodge: Dodged            |    43 |    24 ||    67
Block: Buckler           |    16 |    10 ||    26
